 Dungeon Crawl Stone Soup version 0.17-a0-913-g36eb389 (console) character file.

12640 Fusha the Covert (level 11, -9/129 HPs)
             Began as a Vampire Gladiator on May 2, 2015.
             Was a Follower of Ashenzari.
             Mangled by a komodo dragon (20 damage)
             ... on level 1 of the Lair of Beasts on May 3, 2015.
             The game lasted 00:50:47 (10089 turns).

Fusha the Covert (Vampire Gladiator)               Turns: 10089, Time: 00:50:47

Health: -9/129     AC: 25    Str: 19    XL:     11   Next: 65%
Magic:  0/11       EV:  2    Int: 10    God:    Ashenzari [*.....]
Gold:   534        SH:  0    Dex: 19    Spells: 0 memorised, 10 levels left

rFire  . . .     SeeInvis +     O - +2 hand axe (flame)
rCold  . . .     Clarity  .     (armour currently unavailable)
rNeg   + + +     SustAb   .     (no shield)
rPois  +         Gourm    .     (helmet currently unavailable)
rElec  .         Spirit   +     (cloak currently unavailable)
rCorr  .         Warding  .     (gloves currently unavailable)
rMut   .         NoTele   +     (boots currently unavailable)
MR     +....                    K - amulet of guardian spirit (curse)
Stlth  ++++++++..               (no ring)
                                (no ring)

@: mighty, tree-form, regenerating quickly, somewhat resistant to hostile
enchantments, extraordinarily stealthy
A: (fangs 0), see invisible, agile 1, weak 1, (unbreathing)
a: Renounce Religion


You were on level 1 of the Lair of Beasts.
You worshipped Ashenzari.
Ashenzari was aware of your devotion.
You were very full.
You were a tree.
You visited 3 branches of the dungeon, and saw 12 of its levels.
You also visited: Ossuary.

You collected 534 gold pieces.

Inventory:

Hand weapons
 a - a +0 war axe
 O - a +2 hand axe of flaming (weapon)
Missiles
 d - a throwing net (quivered)
Armour
 b - a +0 leather armour
 c - a cursed +0 helmet (melded)
 f - a cursed +0 cloak (melded)
 i - a cursed +1 pair of gloves (melded)
 m - the cursed +1 ring mail of Hairiness (melded) {Regen+}
   (You found it on level 4 of the Dungeon)

   It increases your rate of regeneration.
   It has a curse placed upon it.
Magical staves
 F - an uncursed staff of earth
Jewellery
 K - a cursed amulet of guardian spirit (around neck)
Magical devices
 g - a wand of magic darts (27)
 u - a wand of flame (0)
 w - a wand of magic darts (19)
 x - a wand of invisibility (5)
 z - a wand of frost (24)
 B - a wand of frost (37)
 H - a wand of teleportation (2)
 J - a wand of random effects (25)
 L - a wand of confusion (4)
 N - a wand of enslavement (13)
 P - a wand of confusion (18)
 Q - a wand of slowing (11)
 U - a wand of flame (23)
 V - a wand of fire (3)
Scrolls
 j - a scroll of immolation
 l - a scroll of fog
 o - 2 scrolls of enchant weapon
 q - a scroll of recharging
 t - 2 scrolls of curse armour
 y - a scroll of curse jewellery
 A - 3 scrolls of magic mapping
 C - a scroll of amnesia {unknown}
 E - a scroll of blinking {unknown}
 I - 4 scrolls of remove curse
 M - a scroll of random uselessness {unknown}
Potions
 e - a potion of berserk rage {unknown}
 k - 5 potions of flight
 n - 2 potions of brilliance
 s - a potion of invisibility {unknown}
 v - 2 potions of cure mutation
 D - a potion of might
 G - 2 potions of cancellation
 R - a potion of curing
Miscellaneous
 S - a phantom mirror


   Skills:
 + Level 7.8 Fighting
 * Level 9.6 Axes
 - Level 5.0 Throwing
 + Level 11.2 Dodging
 + Level 11.5 Stealth


You had 10 spell levels left.
You didn't know any spells.

Dungeon Overview and Level Annotations

Branches:
Dungeon (10/15)            Temple (1/1) D:7            Lair (1/8) D:10
    Orc: D:9-12

Altars:
Ashenzari
Cheibriados
Elyvilon
Fedhas
Gozag
Kikubaaqudgha
Makhleb
Nemelex Xobeh
Okawaru
Qazlal
Ru
Sif Muna
Trog
Vehumet
Xom
Yredelemnul
Zin
The Shining One


Innate Abilities, Weirdness & Mutations

Your natural rate of healing is unusually fast.
((You have razor-sharp teeth.))
You have supernaturally acute eyesight.
((You can survive without breathing.))
You are agile. (Dex +2)
You are weak. (Str -2)


Message History

The komodo dragon is severely wounded.
Drink which item? (? for menu, Esc to quit)
You feel very mighty all of a sudden. The komodo dragon bites you!
* * * LOW HITPOINT WARNING * * *
You hit the komodo dragon. You burn the komodo dragon.
The komodo dragon is almost dead.
The komodo dragon barely misses you.
You hit the komodo dragon. You burn the komodo dragon.
The komodo dragon is almost dead.
The komodo dragon bites you!
* * * LOW HITPOINT WARNING * * *
You slash the komodo dragon! You burn the komodo dragon.
You kill the komodo dragon!
You closely miss the komodo dragon.
The komodo dragon bites you but does no damage.
You slash the komodo dragon! You burn the komodo dragon.
The komodo dragon is moderately wounded.
The komodo dragon bites you!!
You die...

#P........>....>.............
##......####..######.######..
#......## #..# #..# #..
#.......# ##.# ##.## ..
#......## #.## #..# .
#......# #.P #.## #......#
#.### ##..#
#......#####.#.###..####.#
#........ll♣................
#:.......######...##)#.###.
#........# ##.## ## .#
#........# ####.# ..
#.......l####.##.# .
##......>..#.#....P
#...>.....##....###
#....####....#...#
##...#..###...#####


You could see a komodo dragon and an iguana.

Vanquished Creatures
  The ghost of Zwobot the Cleaver, a powerful CeCK of Ashenzari (Lair:1)
  2 hydras
  Erica (D:10)
  A hill giant (D:10)
  Psyche (D:9)
  3 komodo dragons (Lair:1)
  A troll (D:7)
  Sigmund (D:6)
  13 yaks
  A wyvern (D:9)
  5 hippogriffs
  A hungry ghost (D:7)
  A basilisk (Lair:1)
  8 ogres
  A phantom (D:8)
  A wasp (D:9)
  2 ice beasts
  A necrophage (D:10)
  4 orc warriors
  A sky beast (D:8)
  5 centaurs
  6 giant frogs
  4 water moccasin zombies
  10 big kobolds (D:8)
  4 scorpions
  2 crimson imps
  2 giant frog zombies
  A centaur zombie (D:5)
  Crazy Yiuf (D:2)
  2 giant frog skeletons
  5 hounds
  A jelly (D:6)
  2 centaur skeletons
  14 orc wizards
  2 orc priests
  Jessica (D:3)
  4 iguanas
  6 worker ants
  2 sheep (D:8)
  3 big kobold zombies (Ossuary)
  2 mummies (Ossuary)
  3 hound skeletons
  A worker ant zombie (D:6)
  8 adders
  2 gnolls (D:6)
  4 river rats (D:6)
  2 shadow imps
  3 oozes
  2 adder skeletons
  3 adder zombies (Ossuary)
  2 worms (D:2)
  6 giant geckos
  28 orcs
  14 bats
  2 bat skeletons
  7 giant cockroaches
  16 goblins
  7 hobgoblins
  25 kobolds
  3 quokkas
  2 ball pythons
  A ball python skeleton (D:5)
  A giant gecko zombie (D:6)
  2 giant newts
  A giant spore (D:9)
  7 hobgoblin zombies (Ossuary)
  6 jackals
  3 kobold zombies (Ossuary)
  5 orc zombies (Ossuary)
  14 rats
  5 ballistomycetes
  4 plants (D:6)
318 creatures vanquished.

Vanquished Creatures (others)
  A giant spore (D:6)
1 creature vanquished.

Grand Total: 319 creatures vanquished

Notes
Turn   | Place    | Note
--------------------------------------------------------------
     0 | D:1      | Fusha, the Vampire Gladiator, began the quest for the Orb.
     0 | D:1      | Reached XP level 1. HP: 16/16 MP: 1/1
   332 | D:1      | Reached XP level 2. HP: 22/22 MP: 2/2
   746 | D:2      | Reached XP level 3. HP: 27/27 MP: 3/3
   831 | D:2      | Reached skill level 4 in Dodging
  1550 | D:2      | Noticed Crazy Yiuf
  1555 | D:2      | Gained mutation: You are weak. (Str -2) [potion of mutation]
  1555 | D:2      | Gained mutation: You are agile. (Dex +2) [potion of mutation]
  1563 | D:2      | Killed Crazy Yiuf
  1563 | D:2      | Reached XP level 4. HP: 6/34 MP: 4/4
  1583 | D:2      | HP: 1/34 [poisoned by Crazy Yiuf]
  2196 | D:3      | Found a sparkling altar of Nemelex Xobeh.
  2196 | D:3      | Noticed Jessica
  2201 | D:3      | Killed Jessica
  2207 | D:3      | Found a blossoming altar of Fedhas.
  2232 | D:3      | Reached XP level 5. HP: 25/39 MP: 5/5
  2681 | D:3      | Reached skill level 5 in Dodging
  3202 | D:4      | Got a pitted ring mail
  3387 | D:4      | Found a sand-covered staircase.
  3392 | Ossuary  | Entered an ossuary
  3439 | Ossuary  | Reached XP level 6. HP: 26/46 MP: 6/6
  3611 | Ossuary  | Reached skill level 6 in Dodging
  3792 | Ossuary  | Identified the cursed +1 ring mail of Hairiness {Regen+} (You found it on level 4 of the Dungeon)
  3832 | D:4      | Reached XP level 7. HP: 52/52 MP: 7/7
  4419 | D:5      | Entered Level 5 of the Dungeon
  4589 | D:5      | Found a burning altar of Makhleb.
  4711 | D:5      | Reached skill level 1 in Stealth
  4834 | D:5      | Reached skill level 7 in Dodging
  4985 | D:5      | Upgraded the game from 0.17-a0-910-ga669010 to 0.17-a0-913-g36eb389
  5028 | D:6      | Reached XP level 8. HP: 17/60 MP: 8/8
  5122 | D:6      | Noticed Sigmund
  5226 | D:6      | Found a sparkling altar of Nemelex Xobeh.
  6033 | D:6      | Reached skill level 8 in Dodging
  6168 | D:6      | Killed Sigmund
  6168 | D:6      | Reached skill level 5 in Axes
  6186 | D:6      | Reached skill level 5 in Stealth
  6465 | D:7      | Reached skill level 5 in Fighting
  6466 | D:7      | Reached XP level 9. HP: 14/68 MP: 9/9
  6577 | D:7      | Found a staircase to the Ecumenical Temple.
  6642 | Temple   | Entered the Ecumenical Temple
  6659 | Temple   | Became a worshipper of Ashenzari the Shackled
  7225 | D:7      | Reached skill level 9 in Dodging
  7507 | D:8      | Reached skill level 5 in Throwing
  7869 | D:8      | Reached XP level 10. HP: 70/76 MP: 8/10
  8083 | D:8      | Noticed a three-headed hydra
  8093 | D:8      | Killed a one-headed hydra
  8093 | D:8      | Reached skill level 10 in Dodging
  8330 | D:9      | Noticed Psyche
  8337 | D:9      | Killed Psyche
  8699 | D:9      | Reached skill level 10 in Stealth
  8791 | D:9      | Reached XP level 11. HP: 74/84 MP: 9/11
  9016 | D:10     | Entered Level 10 of the Dungeon
  9107 | D:10     | Noticed a hill giant
  9123 | D:10     | Killed a hill giant
  9176 | D:10     | Noticed Erica
  9232 | D:10     | Killed Erica
  9267 | D:10     | Found a staircase to the Lair.
  9292 | Lair:1   | Entered Level 1 of the Lair of Beasts
  9356 | Lair:1   | Noticed Zwobot's ghost (powerful CeCK)
  9400 | Lair:1   | Killed Zwobot's ghost
  9552 | Lair:1   | Reached skill level 11 in Dodging
  9755 | Lair:1   | Noticed a seven-headed hydra
  9817 | Lair:1   | Killed a one-headed hydra
  9827 | Lair:1   | HP: 4/86 [komodo dragon (26)]
 10089 | Lair:1   | Mangled by a komodo dragon

Action                   |  1- 3 |  4- 6 |  7- 9 | 10-12 || total
-------------------------+-------+-------+-------+-------++-------
Melee: War axe           |    88 |   231 |   704 |    69 ||  1092
       Hand axe          |       |       |       |   503 ||   503
Throw: Throwing net      |       |       |     3 |       ||     3
 Abil: End Transformatio |       |     1 |       |       ||     1
       Bat Form          |       |     1 |       |       ||     1
Evoke: Wand              |       |       |       |    16 ||    16
  Use: Potion            |     6 |     2 |     3 |     7 ||    18
       Scroll            |       |     7 |    11 |     2 ||    20
 Stab: Sleeping          |     1 |     1 |    12 |    12 ||    26
       Held in net/web   |       |       |     2 |       ||     2
       Distracted        |       |       |     1 |       ||     1
       Paralysed         |       |       |       |     1 ||     1
  Eat: Corpse            |     2 |    13 |    27 |    17 ||    59
